 Dungeon Crawl Stone Soup version 0.30-a0-394-g3e4acdb0ae (webtiles) character file.

Game seed: 10772663486990170623

31 p00ps00p the Trooper (level 3, 0/33 HPs)
             Began as a Hill Orc Fighter on Dec 6, 2022.
             Slain by a hobgoblin (3 damage)
             ... led by Robin
             ... on level 1 of the Dungeon.
             The game lasted 00:02:04 (720 turns).

p00ps00p the Trooper (Hill Orc Fighter)              Turns: 720, Time: 00:02:06

Health: 0/33       AC:  6    Str: 20    XL:     3   Next: 22%
Magic:  3/3        EV:  9    Int:  8    God:
Gold:   24         SH:  4    Dex: 10    Spells: 2/2 levels left

rFire   . . .      SeeInvis .    a - +0 war axe
rCold   . . .      Faith    .    c - +0 buckler
rNeg    . . .      Spirit   .    b - +0 scale mail
rPois   .          Reflect  .    (no helmet)
rElec   .          Harm     .    (no cloak)
rCorr   .          Rampage  .    (no gloves)
Will    .....                    (no boots)
Stlth   ..........               (no amulet)
HPRegen 0.25/turn                (no ring)
MPRegen 0.08/turn                (no ring)

@: invisible
A: no striking features
a: no special abilities


You were on level 1 of the Dungeon.
You visited 1 branch of the dungeon, and saw 2 of its levels.

You collected 24 gold pieces.

Inventory:

Hand Weapons
 a - a +0 war axe (weapon)
Armour
 b - a +0 scale mail (worn)
 c - a +0 buckler (worn)
Scrolls
 g - 2 scrolls of enchant weapon
Potions
 d - a potion of might


   Skills:
 + Level 4.0 Fighting
 + Level 3.3 Axes
 + Level 3.6 Armour
 + Level 3.7 Shields


You had 2 spell levels left.
You didn't know any spells.
Your spell library contained the following spells:

 Spells                   Type           Power      Damage    Failure   Level
 Summon Forest            Summ/Tloc      0%         N/A       100%        5
 Summon Mana Viper        Hex/Summ       0%         N/A       100%        5
 Summon Cactus Giant      Summ           0%         N/A       100%        6


Dungeon Overview and Level Annotations

Branches:
Dungeon (2/15)

Altars:

Annotations:
D:2 Robin


Message History

You closely miss the kobold.
You feel sick.
You are no longer poisoned.
The adder bites you. You block the goblin's attack. x2
The kobold hits you with a +0 short sword.
The hobgoblin hits you but does no damage.
The adder bites you but does no damage.
You closely miss the adder. You slash the kobold!
You kill the kobold!
You closely miss the goblin. x2; You barely miss the hobgoblin.
The adder bites you. The goblin hits you but does no damage.
The goblin hits you with a +0 club. The hobgoblin hits you.
* * * LOW HITPOINT WARNING * * *
The adder bites you but does no damage. The goblin hits you with a +0 club.
* * * LOW HITPOINT WARNING * * *
The hobgoblin hits you.
* * * LOW HITPOINT WARNING * * *
The goblin hits you but does no damage.
You are too injured to fight recklessly!
Unknown command.
You are too injured to fight recklessly!
Unknown command.
You are too injured to fight recklessly!
You fade into invisibility!
The adder bites you but does no damage. The goblin barely misses you. x2
The hobgoblin barely misses you.
You hit the adder but do no damage. You hit the goblin.
You kill the goblin!
You hit the hobgoblin but do no damage.
You strike the helpless goblin from behind!
You slash the goblin!
You kill the goblin!
You block the adder's attack. The hobgoblin barely misses you.
The adder completely misses you.
You miss the adder.
You catch the helpless hobgoblin completely off-guard!
You hit the hobgoblin but do no damage. You barely miss the hobgoblin.
The adder bites you but does no damage.
The hobgoblin hits you but does no damage. x2
You block the adder's attack. The hobgoblin hits you.
You die...

#.##.# ..##.# .....#
############ .#####
###..........###### .#
#.......##........# .#
#.#.....##.#.####.# .##
#..........#.# #.# ~.##
###....g)####.# #.# ~~.#
###......)@####.# #.####
#~.####......###Sg....# #.##.##
~....................#####.....#
#.......#.#..##.............#.##
.~.....)#.#...........#####.#.#
.......##.....#.......#####.#.#
#####..##.#)#.#..)....##......#
........)รท......#####.##.##.###
#############.####....##.##.#


You could see an adder (unable to see you) and 2 hobgoblins.

Vanquished Creatures
  A ball python (D:1)
  2 bats (D:1)
  4 giant cockroaches (D:1)
  5 goblins (D:1)
  3 hobgoblins (D:1)
  A quokka (D:1)
  3 frilled lizards (D:1)
  5 kobolds (D:1)
  4 rats (D:1)
  A spectral hobgoblin (D:1)
29 creatures vanquished.

Notes
Turn   | Place    | Note
-------+----------+-------------------------------------------
     0 | D:1      | p00ps00p the Hill Orc Fighter began the quest for the Orb.
     0 | D:1      | Reached XP level 1. HP: 19/19 MP: 1/1
   118 | D:1      | Found a faded altar of an unknown god.
   125 | D:1      | Reached XP level 2. HP: 26/27 MP: 2/2
   479 | D:1      | Reached skill level 4 in Fighting
   504 | D:1      | Reached XP level 3. HP: 31/33 MP: 3/3
   706 | D:2      | Noticed Robin
   720 | D:1      | Slain by a hobgoblin

Illustrated notes

Levels and vault maps discovered:
D:1:      minmay_arrival_four_houses, layout_loops_cross,
          dreamdust_ecumenical_altar_drowned_temple, minmay_pentomino_u2
D:2:      layout_loops_ring, grunt_ministairs_7, uniq_robin

Skill      XL: |  1  2 |
---------------+-------+-----
Axes           | 3 |  3.3
Fighting       | 4 |  4.0
Armour         | |  3.6
Shields        | |  3.7

Action                   || total
-------------------------++-------
Melee: War axe           ||    77
  Use: Scroll            ||     2
       Potion            ||     1
 Stab: Invisible         ||     2
Armor: Scale mail        ||    48
Dodge: Dodged            ||    57
Block: Buckler           ||    33

Table legend: (Time is in decaauts)
 A = Elapsed time spent in this place.
 B = Non-inter-level travel time spent in this place.
 C = Inter-level travel time spent in this place.
 D = Time resting spent in this place.
 E = Time spent auto-exploring this place.
 F = Levels seen in this place.
 G = Mean time per level.
                   A        B        C        D        E       F      G
               +--------+--------+--------+--------+--------+-----+--------+
         Total |    758 |    710 |     48 |      0 |    510 |   2 |  379.0 |
       Dungeon |    758 |    710 |     48 |      0 |    510 |   2 |  379.0 |
               +--------+--------+--------+--------+--------+-----+--------+

Top non-repeatable levels by time:
     D:1: 753 daAuts
     D:2: 5 daAuts
